 Dungeon Crawl Stone Soup version 0.13-a0-2816-gd8154f0 (webtiles) character file.

314 Misa the Ruinous (level 4, -2/36 HPs)
             Began as a Djinni Conjurer on Aug 26, 2013.
             Was an Initiate of Sif Muna.
             Killed from afar by an orc wizard (5 damage)
             ... with a magic dart
             ... on Level 4 of the Dungeon.
             The game lasted 00:11:08 (3095 turns).

Misa the Ruinous (Djinni Conjurer)                  Turns: 3095, Time: 00:11:08

HP  -2/36        AC  2     Str  9      XL: 4   Next: 76%
MP   0/0         EV 12     Int 16      God: Sif Muna [......]
Gold 193         SH  0     Dex 13      Spells:  1 memorised,  8 levels left

Res.Fire  : + + +   See Invis. : .   e - +0 dagger
Res.Cold  : x . .   Warding    : .   a - +0 robe
Life Prot.: + + +   Conserve   : .   (no shield)
Res.Poison: .       Res.Corr.  : .   (no helmet)
Res.Elec. : .       Clarity    : .   (no cloak)
Sust.Abil.: . .     Spirit.Shd : .   (no gloves)
Res.Mut.  : .       Stasis     : .   (boots unavailable)
Res.Rott. : .       Flight     : .   (no amulet)
Saprovore : . . .                    (no ring)
                                     d - ring of positive energy {unknown}

@: slowed, very slow, slightly resistant to hostile enchantments, unstealthy
A: fire immunity, cold vulnerability, life protection 3
a: Renounce Religion


You were on level 4 of the Dungeon.
You worshipped Sif Muna.
Sif Muna was noncommittal.
You were not hungry.

You visited 1 branch of the dungeon, and saw 4 of its levels.

You collected 173 gold pieces.

Inventory:

Hand weapons
 e - a +0,+0 dagger (weapon)
Armour
 a - a +0 robe (worn)
Scrolls
 g - 3 scrolls of remove curse {unknown}
 h - 5 scrolls of identify {unknown}
 i - 2 scrolls of enchant weapon II {unknown}
 j - 2 scrolls of fog {unknown}
 k - a scroll of fear {unknown}
 q - a scroll of random uselessness {unknown}
Jewellery
 d - a ring of positive energy (left hand) {unknown}
Potions
 b - 5 potions of curing {unknown}
 f - a potion of confusion {unknown}
 l - a potion of heal wounds {unknown}
 n - a potion of might {unknown}
 o - a potion of brilliance {unknown}
 p - a potion of speed {unknown}
Books
 c - a book of Conjurations

   Spells                             Type                      Level
   *Magic Dart                        Conjuration                  1
   Searing Ray                        Conjuration                  2
   Dazzling Spray                     Conjuration/Hexes            3
   Iskenderun's Mystic Blast          Conjuration                  4
   Iskenderun's Battlesphere          Conjuration/Charms           4
   Fulminant Prism                    Conjuration/Hexes            5
 m - a book of Power

   Spells                             Type                      Level
   Iskenderun's Mystic Blast          Conjuration                  4
   Venom Bolt                         Conjuration/Poison           5
   Bolt of Magma                      Conjuration/Fire/Earth       5
   Fulminant Prism                    Conjuration/Hexes            5
   Iron Shot                          Conjuration/Earth            6
   Orb of Destruction                 Conjuration                  7


   Skills:
 + Level 1.0 Fighting
 - Level 1.9 Dodging
 - Level 1.7 Stealth
 * Level 3.4 Spellcasting
 + Level 5.4 Conjurations


You had 8 spell levels left.
You knew the following spells:

 Your Spells              Type           Power        Failure   Level  Hunger
a - Magic Dart            Conj           ###.         1%          1    None


Dungeon Overview and Level Annotations

Branches:
Dungeon (4/27)
 Temple: D:4-7

Altars:
Sif Muna

Annotations:
D:2 exclusions: adder and kobold


Innate Abilities, Weirdness & Mutations

You are immune to all types of fire, even holy and hellish.
You are vulnerable to cold.
You need no food.
You have no legs.
You are immune to negative energy.


Message History

The magic dart hits you!
The orc wizard gestures at you while chanting.
You feel as though you will be slow longer.
The orc wizard gestures wildly while chanting.
The orc wizard blinks!
The orc wizard gestures wildly while chanting.
The orc wizard seems to speed up.
The orc wizard casts a spell.
The orc wizard seems to speed up.
The orc wizard points at you and mumbles some strange words.
The magic dart hits you! The orc wizard casts a spell at you.
The magic dart hits you!
* * * LOW HITPOINT WARNING * * *
The orc wizard gestures at you while chanting.
The magic dart hits you!
* * * LOW HITPOINT WARNING * * *
The orc wizard gestures at you while chanting.
The magic dart hits you!
You die...

..≈≈≈...............
........................
5........................
.........5................
............................
............................
....................?.......
..........<........≈≈≈.......
........<.<...@..o≈≈≈.......
..................≈≈≈.......
.................o.........
........................{.
..........................
........................
......................
....................
..............


You could see 2 orc wizards and a crimson imp (wandering).

Vanquished Creatures
  A scorpion (D:3)
  3 adders
  A giant mite (D:3)
  A giant gecko (D:1)
  An ooze (D:3)
  2 orcs (D:3)
  3 giant cockroaches
  8 goblins
  13 hobgoblins
  4 jackals (D:3)
  2 quokkas
  A ball python (D:2)
  4 bats
  3 giant newts
  4 kobolds
  4 rats
55 creatures vanquished.

Notes
Turn   | Place    | Note
--------------------------------------------------------------
     0 | D:1      | Misa, the Djinni Conjurer, began the quest for the Orb.
     0 | D:1      | Reached XP level 1. HP: 14/14 MP: 0/0
   331 | D:1      | Reached XP level 2. EP: 13/21
   952 | D:2      | Found a deep blue altar of Sif Muna.
  1261 | D:2      | Reached skill level 5 in Conjurations
  1368 | D:2      | Reached XP level 3. EP: 15/27
  1588 | D:2      | Became a worshipper of Sif Muna the Loreminder
  2362 | D:3      | Reached XP level 4. EP: 32/35
  2836 | D:3      | Reached skill level 1 in Fighting
  3095 | D:4      | Killed from afar by an orc wizard

Action                   |  1- 3 |  4- 6 || total
-------------------------+-------+-------++-------
Melee: Dagger            |    16 |     1 ||    17
 Cast: Magic Dart        |    84 |    51 ||   135
 Stab: Sleeping          |     3 |       ||     3
